 Dungeon Crawl Stone Soup version 0.28.0-47-ge53b351184 (webtiles) character file.

Game seed: 2273926464896147572

618 Peloso the Slasher (level 7, -4/53 (61) HPs)
             Began as a Minotaur Fighter on May 7, 2022.
             Killed from afar by an orc wizard (5 damage)
             ... with a magic dart
             ... on level 4 of the Dungeon.
             The game lasted 00:07:15 (3727 turns).

Peloso the Slasher (Minotaur Fighter)               Turns: 3727, Time: 00:07:15

HP:   -4/53 (61)    AC: 13    Str: 20    XL:     7   Next: 21%
MP:   6/6           EV:  7    Int:  5    God:
Gold: 145           SH:  5    Dex: 12    Spells: 6/6 levels left

rFire   . . .      SeeInvis .   a - +0 long sword
rCold   . . .      Faith    .   c - +0 buckler
rNeg    . . .      Spirit   .   f - +0 chain mail
rPois   .          Reflect  .   (helmet restricted)
rElec   .          Harm     .   (no cloak)
rCorr   .          Rampage  .   (no gloves)
Will    .....                   (no boots)
Stlth   ..........              (no amulet)
HPRegen 0.17/turn               m - +4 ring of protection
MPRegen 0.10/turn               (no ring)

@: lethally poisoned (-4 -> -7), heavily drained
A: horns 2, retaliatory headbutt
a: no special abilities


You were on level 4 of the Dungeon.
You visited 1 branch of the dungeon, and saw 4 of its levels.
You also visited: Sewer.

You collected 145 gold pieces.

Inventory:

Hand Weapons
 a - a +0 long sword (weapon)
 b - a +2 dagger of flaming
Missiles
 p - a throwing net (quivered)
Armour
 c - a +0 buckler (worn)
 f - a +0 chain mail (worn)
Jewellery
 h - a +6 ring of intelligence
 k - an amulet of faith
 m - a +4 ring of protection (left hand)
 o - an amulet of magic regeneration
Scrolls
 e - 3 scrolls of identify
 g - a scroll of torment {unknown}
 i - a scroll of amnesia {unknown}
 j - 2 scrolls of teleportation
 n - a scroll of silence {unknown}
 q - a scroll of fear {unknown}
 s - a scroll of acquirement {unknown}
 u - a scroll of enchant armour {unknown}
Potions
 d - a potion of might
 r - a potion of brilliance {unknown}
 t - a potion of cancellation {unknown}


   Skills:
 + Level 5.2 Fighting
 + Level 6.3 Long Blades
 + Level 5.1 Armour
 + Level 1.6 Dodging
 + Level 0.1 Stealth
 + Level 5.7 Shields


You had 6 spell levels left.
You didn't know any spells.
Your spell library contained the following spells:

 Spells                   Type           Power      Damage    Failure   Level
 Foxfire                  Conj/Fire      0%         2x1d4     100%        1
 Conjure Flame            Conj/Fire      0%         6-21      100%        3
 Inner Flame              Hex/Fire       0%         N/A       100%        3
 Flame Wave               Conj/Fire      0%         2d4       100%        4


Dungeon Overview and Level Annotations

Branches:
Dungeon (4/15)              Sewer (visited)
 Temple: D:4-7

Altars:


Innate Abilities, Weirdness & Mutations

You have a pair of horns on your head.
You reflexively headbutt those who attack you in melee.


Message History

You feel better. You block the orc wizard's attack.
Something hits you but does no damage.
You are poisoned.
Unknown command.
You barely miss the orc wizard.
The orc wizard is moderately wounded.
You feel sick.
The orc wizard hits you with a +1 dagger of draining.
* * * LOW HITPOINT WARNING * * *
You feel drained.
* * * LOW HITPOINT WARNING * * *
You hear some strange, mumbled words.
Something tries to affect you, but you resist.
You barely miss the orc wizard.
The orc wizard is moderately wounded.
* * * LOW HITPOINT WARNING * * *
You feel sick.
The orc wizard hits you but does no damage.
You feel drained.
You hear some strange, mumbled words.
A puff of flame appears from out of thin air!
The puff of flame hits you but does no damage.
You slash the orc wizard! Your headbutt misses the orc wizard.
The orc wizard is almost dead.
* * * LOW HITPOINT WARNING * * *
You feel sick.
The orc wizard hits you but does no damage.
You feel drained. Something hits you but does no damage.
Unknown command.
You barely miss the orc wizard.
The orc wizard is almost dead.
* * * LOW HITPOINT WARNING * * *
You feel sick.
The orc wizard gestures at you while chanting.
The puff of flame hits you.
* * * LOW HITPOINT WARNING * * *
You hear some strange, mumbled words.
A magic dart appears from out of thin air!
The magic dart hits you.
You die...

### #.# ###..# ### ###
.#....####.## ##.###
.........#..###....##
...###......##......##
........##.....{.....######
.......#.##....o@......#..#### #
...##.....##)†.#.....#.....#.## #
.{.#####..###..##...#..#..#...###
....###..## ##.........#.##..###.
........... #........##.#....#..
..........# #.........#....##...
..........# ................#...
........... ....................
......)...# ...............>....


You could see an orc wizard.

Vanquished Creatures
  A water moccasin (Sewer)
  A sky beast (D:4)
  A black bear (D:4)
  A scorpion (D:3)
  A hound (D:4)
  A hound zombie (D:3)
  Robin (D:3)
  4 gnolls
  6 adders
  A shadow imp (D:4)
  An ufetubus (D:4)
  3 worms (D:2)
  4 dart slugs
  An orc (D:4)
  9 bats
  8 endoplasms
  4 giant cockroaches
  16 goblins
  7 hobgoblins
  9 jackals
  7 quokkas
  8 ball pythons
  4 frilled lizards
  4 kobolds
  A rat (D:1)
104 creatures vanquished.

Notes
Turn   | Place    | Note
-------+----------+-------------------------------------------
     0 | D:1      | Peloso the Minotaur Fighter began the quest for the Orb.
     0 | D:1      | Reached XP level 1. HP: 19/19 MP: 0/0
    63 | D:1      | You fall into a shaft and drop 1 floor!
    70 | D:2      | Reached XP level 2. HP: 16/27 MP: 1/1
   408 | D:2      | Reached XP level 3. HP: 23/33 MP: 2/2
   726 | D:2      | Reached skill level 3 in Long Blades
   726 | D:2      | Reached XP level 4. HP: 41/41 MP: 3/3
  1855 | D:3      | Found a faded altar of an unknown god.
  2233 | D:3      | Reached XP level 5. HP: 47/47 MP: 4/4
  2285 | D:3      | Noticed Robin
  2313 | D:3      | Killed Robin
  2314 | D:3      | Reached skill level 5 in Shields
  2317 | D:3      | Reached skill level 4 in Long Blades
  2484 | D:3      | Reached skill level 1 in Dodging
  3115 | D:4      | Noticed a sky beast
  3133 | D:4      | Killed a sky beast
  3134 | D:4      | Reached skill level 5 in Long Blades
  3134 | D:4      | Reached XP level 6. HP: 26/55 MP: 5/5
  3231 | D:4      | Reached skill level 5 in Fighting
  3288 | D:4      | Found a glowing drain.
  3297 | Sewer    | Entered a sewer
  3473 | Sewer    | Noticed a water moccasin
  3487 | Sewer    | Killed a water moccasin
  3488 | Sewer    | Reached skill level 6 in Long Blades
  3488 | Sewer    | Reached skill level 5 in Armour
  3488 | Sewer    | Reached XP level 7. HP: 49/61 MP: 6/6
  3727 | D:4      | HP: 1/53 [orc wizard/puff of flame (3)]
  3727 | D:4      | Killed from afar by an orc wizard

Illustrated notes

Levels and vault maps discovered:
D:1:      beargit_arrival_greenhouse, layout_loops_ring, st_stairs_8
D:2:      layout_basic, kennysheep_flooded_box, minmay_pentomino_u4
D:3:      layout_loops_corners, ebering_ecumenical_altar_sacrificial,
          kennysheep_generic_room_4, uniq_robin
D:4:      layout_cave_pools, minmay_temple_entry_nine_rooms,
          portal_sewer_entry_d, grunt_decor_resistance

Skill      XL: |  1  2  3  4  5  6 |
---------------+-------------------+-----
Shields        | 4 5 |  5.7
Fighting       | 4 5 |  5.2
Armour         | 4 5 |  5.1
Long Blades    | 3 5 6 |  6.3
Dodging        | 1 |  1.6
Stealth        | |  0.1

Action                   |  1- 3 |  4- 6 |  7- 9 || total
-------------------------+-------+-------+-------++-------
Melee: Long sword        |    65 |   215 |    20 ||   300
       Headbutt          |     9 |    34 |     2 ||    45
  Use: Potion            |       |     2 |     1 ||     3
       Scroll            |       |     2 |       ||     2
Armor: Scale mail        |    22 |       |       ||    22
       Chain mail        |    24 |   137 |    25 ||   186
Dodge: Dodged            |    22 |    87 |     4 ||   113
Block: Buckler           |    22 |    67 |     4 ||    93
